 Dungeon Crawl Stone Soup version 0.30-a0-757-ga6a79fd877 (webtiles) character file.

Game seed: 5108383621024994568

233 BigDaddyOpFi the Sneak (level 5, -9/27 HPs)
             Began as a Spriggan Brigand on Feb 9, 2023.
             Killed by divine providence
             ... invoked by an orc priest
              (14 damage)
             ... on level 4 of the Dungeon.
             The game lasted 00:04:10 (2922 turns).

BigDaddyOpFi the Sneak (Spriggan Brigand)           Turns: 2922, Time: 00:04:11

Health: -9/27      AC:  4    Str:  6    XL:     5   Next: 75%
Magic:  6/6        EV: 19    Int: 12    God:
Gold:   203        SH:  4    Dex: 22    Spells: 4/4 levels left

rFire   . . .      SeeInvis +    a - +3 dagger (chaos)
rCold   . . .      Faith    .    (no shield)
rNeg    . . .      Spirit   .    b - +0 robe
rPois   .          Reflect  .    (helmet restricted)
rElec   .          Harm     .    c - +1 cloak
rCorr   .          Rampage  .    (gloves unavailable)
Will    .....                    (boots unavailable)
Stlth   ++++                     (no amulet)
HPRegen 0.24/turn                h - +4 ring of slaying
MPRegen 0.10/turn                g - ring of flight

@: flying, very quick
A: very small, no large weapons, unfitting armour, see invisible, speed 3, large
bone plates 1, agile 1, MP-powered wands
a: no special abilities


You were on level 4 of the Dungeon.
You visited 1 branch of the dungeon, and saw 4 of its levels.

You collected 203 gold pieces.

Inventory:

Hand Weapons
 a - a +3 dagger of chaos (weapon)
 n - a +0 short sword
 q - a +1 short sword of electrocution
 r - a +2 short sword of electrocution
Missiles
 d - 19 poisoned darts (quivered)
 e - 3 curare-tipped darts
Armour
 b - a +0 robe (worn)
 c - a +1 cloak (worn)
Jewellery
 g - a ring of flight (right hand)
 h - a +4 ring of slaying (left hand)
 j - a ring of protection from fire
Wands
 i - a wand of polymorph (4)
 p - a wand of iceblast (4)
Scrolls
 m - a scroll of identify
Potions
 k - a potion of degeneration
 l - 2 potions of mutation
 o - a potion of lignification {unknown}


   Skills:
 + Level 2.4 Fighting
 + Level 3.3 Short Blades
 + Level 3.0 Throwing
 + Level 3.2 Dodging
 * Level 7.9 Stealth


You had 4 spell levels left.
You didn't know any spells.
Your spell library contained the following spells:

 Spells                   Type           Power      Damage    Failure   Level
 Apportation              Tloc           0%         N/A       32%         1
 Necrotise                Necr           0%         1d4       32%         1
 Summon Small Mammal      Summ           0%         N/A       32%         1
 Scorch                   Fire           0%         2d5       45%         2
 Flame Wave               Conj/Fire      0%         2d4       97%         4
 Summon Cactus Giant      Summ           0%         N/A       100%        6


Dungeon Overview and Level Annotations

Branches:
Dungeon (4/15)
 Temple: D:4-7

Altars:
Trog

Annotations:
D:3 2 transporters, arandomgamer's ghost, amateur HOFi


Innate Abilities, Weirdness & Mutations

You are very small and have problems with some larger weapons.
You are too small for most types of armour.
You have supernaturally acute eyesight. (SInv)
You cover ground extremely quickly. (Speed+++)
You are partially covered in large bone plates. (SH +4)
You are agile. (Dex +4, Str/Int -1)
You expend magic power (3 MP) to strengthen your wands.


Message History

No target in view!
No target in view!
Partly explored, unvisited transporter.
(D) Dungeon
Where to? (Enter - D:3, ? - help)
There is a stone staircase leading down here.
You fly downwards.
You hear the sound of rushing water.
There is an entrance to a sewer on this level.
Hurry and find it before the portal rusts away!
The orc shouts!
You hear a shout! x3
Found 7 stones and 9 gold pieces.
There is a stone staircase leading up here.
As you read the scroll labelled BOBEAS NOUCW, it crumbles to dust.
It is a scroll of enchant armour.
Your +0 cloak glows green for a moment.
An orc wizard comes into view. It is wielding a +0 dagger.
As you read the scroll labelled RIEK ZAEGRAZIUG, it crumbles to dust.
You feel aware of your surroundings.
You sensed 2 altars, and 1 shop/portal.
It was a scroll of magic mapping.
An orc priest comes into view. It is wielding a +0 mace.
Found a book of Conjurations.
An orc comes into view. It is wielding a +0 club.
A kobold comes into view. It is wielding a +0 dagger.
The orc shouts! x2
You puncture the orc!
You kill the orc!
You see here a +0 club.
The orc wizard casts a spell at you. The puff of flame hits you!
The orc priest invokes the aid of Beogh against you.
Beogh smites you!
Ouch! That really hurt!
* * * LOW HITPOINT WARNING * * *
You puncture the orc priest!
Space warps around the orc priest.
The orc priest is almost dead.
The orc wizard barely misses you.
The orc priest calls down the wrath of Beogh upon you.
Beogh smites you!
Ouch! That really hurt!
You die...

***,****,* #.#,* *#(.*,,,,,*
*,,,,,,,,* #..** *#.#,,,,****
**,,,,,*,** ##..##*#..#*,,,,*,*
*,,,,,,,.** ##....##..##,,,,,,,*
*,,,,**,..###..##.<....#.,,,,,,,
*,,,****..................,,,,,,
*,,,* *#.:...............,,,,,,
*,,*****........).###.....,,,,,*
**,**,,,,,#.....@o.#*,.....,,,,**
*,,,,,,,,,#.####oo.....$...,,,,,*
**,*,,,,,,#,,**#oK.........,,,*,,
*,***,,,,*,,**............,,***,
*,* ***,,,,,,...........,,,,* **
*,* *,,***,.....###...,,,,* *,
**,** **,** *.....##*,...*,,,* *,
,,,,***,,* **....##**,,,,,*,,***,
***,**,,****,,,,,,,,,,,,,,,,,,,,,


You could see an orc priest, an orc wizard, 2 orcs and a kobold.

Vanquished Creatures
  Ijyb (D:3)
  An iguana (D:3)
  Jessica (D:2)
  Robin (D:3)
  3 gnolls
  2 adders (D:2)
  A worm (D:2)
  A dart slug (D:1)
  5 orcs
  4 endoplasms
  4 giant cockroaches
  12 goblins
  13 hobgoblins
  3 jackals (D:1)
  6 kobolds
  3 quokkas
  5 ball pythons
  5 bats
  5 frilled lizards
  5 rats
  A spectral kobold (D:2)
82 creatures vanquished.

Notes
Turn   | Place    | Note
-------+----------+-------------------------------------------
     0 | D:1      | BigDaddyOpFi the Spriggan Brigand began the quest for the
                  | Orb.
     0 | D:1      | Reached XP level 1. HP: 10/10 MP: 2/2
   102 | D:1      | Reached skill level 6 in Stealth
   112 | D:1      | Reached XP level 2. HP: 10/15 MP: 3/3
   420 | D:2      | Reached XP level 3. HP: 18/18 MP: 4/4
   986 | D:2      | Found a faded altar of an unknown god.
  1250 | D:2      | Reached XP level 4. HP: 23/23 MP: 5/5
  1267 | D:2      | Noticed Jessica
  1280 | D:2      | Killed Jessica
  1281 | D:2      | Reached skill level 7 in Stealth
  2027 | D:3      | Found a bloodstained altar of Trog.
  2047 | D:3      | Noticed Ijyb
  2052 | D:3      | Gained mutation: You are agile. (Dex +4, Str/Int -1)
                  | [potion of mutation]
  2052 | D:3      | Gained mutation: You expend magic power (3 MP) to
                  | strengthen your wands. [potion of mutation]
  2052 | D:3      | Gained mutation: You are partially covered in large bone
                  | plates. (SH +4) [potion of mutation]
  2058 | D:3      | Killed Ijyb
  2059 | D:3      | Reached XP level 5. HP: 23/26 MP: 6/6
  2209 | D:3      | Found a transporter.
  2211 | D:3      | Noticed arandomgamer's ghost (amateur HOFi)
  2212 | D:3      | Found a transporter.
  2213 | D:3      | Noticed Robin
  2761 | D:3      | Killed Robin
  2922 | D:4      | Killed from afar by an orc priest

Illustrated notes

Levels and vault maps discovered:
D:1:      scummos_arrival_hexagon, layout_rooms
D:2:      layout_loops_cross, dreamdust_ecumenical_altar_drowned_temple,
          minmay_close_crescents, uniq_jessica
D:3:      layout_rooms, lightli_temple_of_fire, gammafunk_ghost_mausoleum,
          serial_park_tiny_1, uniq_ijyb, uniq_robin
D:4:      layout_layer_cave, makhleb_altar_promises_db, ashenzari_altar_1,
          gup_sewer_entry_bubbles

Skill      XL: |  1  2  3  4  5 |
---------------+----------------+-----
Stealth        | 6 7 |  7.9
Dodging        | 2 3 |  3.2
Fighting       | 2 |  2.4
Short Blades   | 3 |  3.3
Throwing       | 3 |  3.0

Action                     |  1- 3 |  4- 6 || total
---------------------------+-------+-------++-------
  Melee: Dagger            |    81 |    74 ||   155
         Punch             |     1 |       ||     1
         Unarmed           |       |     8 ||     8
    Use: Scroll            |     4 |     2 ||     6
         Potion            |       |     1 ||     1
   Stab: Sleeping          |    18 |     4 ||    22
         Petrifying        |       |     1 ||     1
 Armour: Robe              |     4 |     8 ||    12
  Dodge: Dodged            |    40 |    77 ||   117
  Block: Other             |       |    11 ||    11

Table legend: (Time is in decaauts)
 A = Elapsed time spent in this place.
 B = Non-inter-level travel time spent in this place.
 C = Inter-level travel time spent in this place.
 D = Time resting spent in this place.
 E = Time spent auto-exploring this place.
 F = Levels seen in this place.
 G = Mean time per level.
                   A        B        C        D        E       F      G
               +--------+--------+--------+--------+--------+-----+--------+
         Total |   2393 |   2360 |     33 |   1174 |    733 |   4 |  598.2 |
       Dungeon |   2393 |   2360 |     33 |   1174 |    733 |   4 |  598.2 |
               +--------+--------+--------+--------+--------+-----+--------+

Top non-repeatable levels by time:
     D:2: 1742 daAuts
     D:3: 359 daAuts
     D:1: 285 daAuts
     D:4: 6 daAuts
